 Dungeon Crawl Stone Soup version 0.31.0-32-g396128a36d (webtiles) character file.

Game seed: 3020974224405708394

249 Dadi the Cudgeller (level 6, 0/38 HPs)
             Began as a Gargoyle Fighter on Mar 27, 2024.
             Incinerated by a bombardier beetle (3 damage)
             ... with a burning spray
             ... on level 4 of the Dungeon.
             The game lasted 00:03:30 (3312 turns).

Dadi the Cudgeller (Gargoyle Fighter)               Turns: 3312, Time: 00:03:31

Health: 0/38       AC: 18    Str: 21    XL:     6   Next: 12%
Magic:  6/6        EV:  5    Int:  9    God:
Gold:   251        SH:  4    Dex:  9    Spells: 5/5 levels left

rFire   . . .        a - +0 flail
rCold   . . .        c - +0 buckler
rNeg    + . .        h - +0 plate armour
rPois   ∞            (no helmet)
rElec   +            r - scarf {repulsion}
rCorr   .            e - +1 pair of gloves
SInv    .            (no boots)
Will    .....        (no amulet) Stlth
                     (no ring)
HPRegen 0.26/turn    (no ring)
MPRegen 0.10/turn

%: repel missiles
@: on fire, glowing
A: sickness immunity, AC +4, negative energy resistance 1, electricity
resistance, torment resistance 1, petrification resistance
a: no special abilities


You were on level 4 of the Dungeon.
You visited 1 branch of the dungeon, and saw 4 of its levels.

You collected 251 gold pieces.

Inventory:

Hand Weapons
 a - a +0 flail (weapon)
Armour
 b - a +0 scale mail
 c - a +0 buckler (worn)
 e - a +1 pair of gloves (worn)
 h - a +0 plate armour (worn)
 r - a scarf of repulsion (worn)
Jewellery
 v - a ring of protection from cold
 A - an amulet of the acrobat
Wands
 q - a wand of mindburst (13)
Scrolls
 f - 3 scrolls of identify {unknown}
 i - a scroll of fog {unknown}
 j - a scroll of vulnerability {unknown}
 m - a scroll of immolation {unknown}
 p - a scroll of amnesia {unknown}
 t - a scroll of enchant weapon {unknown}
 u - a scroll of noise {unknown}
 x - a scroll of revelation {unknown}
 y - a scroll of enchant armour {unknown}
Potions
 d - a potion of might
 g - a potion of haste {unknown}
 k - 2 potions of curing {unknown}
 l - a potion of magic {unknown}
 n - 2 potions of heal wounds {unknown}
 o - a potion of ambrosia {unknown}
 s - 2 potions of degeneration {unknown}
 w - 3 potions of attraction {unknown}
 z - a potion of enlightenment {unknown}


   Skills:
 + Level 3.8 Fighting
 - Level 6.0 Maces & Flails
 - Level 3.2 Armour
 - Level 3.2 Shields


You had 5 spell levels left.
You didn't know any spells.
Your spell library contained the following spells:

 Spells                   Type           Power      Damage    Failure   Level
 Lesser Beckoning         Tloc           0%         N/A       100%        2
 Gell's Gravitas          Tloc           0%         N/A       100%        3
 Teleport Other           Tloc           0%         N/A       100%        3


Dungeon Overview and Level Annotations

Branches:
Dungeon (4/15)
 Temple: D:4-7

Altars:
Elyvilon
Hepliaklqana


Innate Abilities, Weirdness & Mutations

You are immune to sickness and miasma.
Your stone body is resilient. (AC +4)
You are immune to poison.
You resist negative energy. (rN+)
You are resistant to electric shocks. (rElec)
You are resistant to unholy torment.
You are immune to petrification.


Message History

You are too injured to fight recklessly!
You are too injured to fight recklessly!
You are too injured to fight recklessly!
You are too injured to fight recklessly!
You are too injured to fight recklessly!
You are too injured to fight recklessly!
You are too injured to fight recklessly!
You are too injured to fight recklessly!
You are too injured to fight recklessly!
You are too injured to fight recklessly!
You are too injured to fight recklessly!
You are too injured to fight recklessly!
You are too injured to fight recklessly!
You are too injured to fight recklessly!
You are too injured to fight recklessly!
You are too injured to fight recklessly!
You are too injured to fight recklessly!
You hit the bombardier beetle.
The bombardier beetle is almost dead.
The liquid fire burns you!
* * * LOW HITPOINT WARNING * * *
The bombardier beetle sprays incendiary fluid at you.
The burning spray is repelled.
You thump the bombardier beetle!
You kill the bombardier beetle!
The liquid fire burns you!
* * * LOW HITPOINT WARNING * * *
You have reached level 6!
You are on fire!
You are on fire!
You are on fire!
You shake off some of the fire as you move.
The liquid fire burns you!
* * * LOW HITPOINT WARNING * * *
You shake off some of the fire as you move.
The liquid fire burns you!
* * * LOW HITPOINT WARNING * * *
You shake off some of the fire as you move.
The liquid fire burns you!
You die...

...+..............
...#..............
...#..............
...##.....###...## ##
'####.....###...########...
....#.......#..............
....'.......#..............
....#...(...#†.............
....#...........@..).......
....#.####..#####........<.
.####.# #....# ###...##...
'####.# #....# #...# #
......# #...## #....#
......# ##.## #....#
......# .## #....# ####+##
# #..### ###...


There were no monsters in sight!

Vanquished Creatures
  A hound (D:4)
  A bombardier beetle (D:4)
  An orc priest (D:3)
  An iguana (D:4)
  A sleepcap (D:4)
  3 adders
  A dart slug (D:4)
  2 ribbon worms
  2 orcs (D:2)
  11 ball pythons
  9 endoplasms
  2 giant cockroaches
  10 hobgoblins
  2 quokkas
  A bat (D:1)
  3 frilled lizards
  3 goblins
  5 kobolds
  20 rats (D:2)
79 creatures vanquished.

Notes
Turn   | Place    | Note
-------+----------+-------------------------------------------
     0 | D:1      | Dadi the Gargoyle Fighter began the quest for the Orb.
     0 | D:1      | Reached XP level 1. HP: 14/14 MP: 1/1
   139 | D:1      | Reached XP level 2. HP: 19/19 MP: 2/2
   453 | D:1      | Reached skill level 3 in Maces & Flails
   533 | D:1      | Reached XP level 3. HP: 22/23 MP: 3/3
  1186 | D:2      | You fall into a shaft and drop 2 floors!
  1222 | D:4      | Reached skill level 4 in Maces & Flails
  1222 | D:4      | Reached XP level 4. HP: 13/28 MP: 4/4
  2273 | D:2      | Identified the +0 leather armour of Ceax {rF++ Str+3 Int+3
                  | Dex-2}
  2296 | D:2      | Reached skill level 5 in Maces & Flails
  2296 | D:2      | Reached XP level 5. HP: 29/32 MP: 5/5
  2716 | D:3      | Identified the +2 robe of Submission {rN+ Int+6 Dex-2}
  2961 | D:3      | Found a white marble altar of Elyvilon.
  2961 | D:3      | Found a hazy altar of Hepliaklqana.
  3199 | D:4      | Reached skill level 6 in Maces & Flails
  3310 | D:4      | Reached XP level 6. HP: 9/38 MP: 6/6
  3312 | D:4      | Incinerated by a bombardier beetle

Illustrated notes

Levels and vault maps discovered:
D:1:      amcnicky_arrival_double_pillar, layout_loops_cross
D:2:      minmay_evil_eye, layout_loops_corners, kennysheep_cross_bottleneck,
          minmay_rat_hole
D:3:      cheibrodos_pilgrimage, layout_loops_corners,
          nicolae_overflow_two_pavilions, minmay_misc_feat_more_columns
D:4:      layout_gridville, minmay_divided_ellipse, uniq_crazy_yiuf_cottage

Skill      XL: |  1  2  3  4  5 |
---------------+----------------+-----
Maces & Flails | 3 4 5 6 |  6.0
Fighting       | |  3.8
Armour         | |  3.2
Shields        | |  3.2

Action                     |  1- 3 |  4- 6 || total
---------------------------+-------+-------++-------
  Melee: Flail             |   121 |   155 ||   276
 Armour: Scale mail        |    14 |       ||    14
         Plate armour      |    79 |   142 ||   221
  Dodge: Dodged            |    20 |    39 ||    59
         Repelled          |       |     2 ||     2
  Block: Buckler           |    21 |    26 ||    47
